 Dungeon Crawl Stone Soup version 0.21.1-1-g345015f (webtiles) character file.

10 Mgcat the Insei (level 2, 0/23 HPs)
             Began as a Gnoll Transmuter on Mar 22, 2018.
             Slain by a leopard gecko (1 damage)
             ... on level 1 of the Dungeon.
             The game lasted 00:00:39 (115 turns).

Mgcat the Insei (Gnoll Transmuter)                   Turns: 115, Time: 00:00:40

Health: 0/23       AC:  2    Str: 12    XL:     2   Next: 20%
Magic:  7/7        EV: 14    Int: 15    God:
Gold:   15         SH:  0    Dex: 15    Spells: 9/10 levels left

rFire    . . .     SeeInvis .     - Unarmed
rCold    . . .     Gourm    .   (no shield)
rNeg     . . .     Faith    .   b - +0 robe
rPois    .         Spirit   .   (no helmet)
rElec    .         Reflect  .   (no cloak)
rCorr    .         Harm     .   (no gloves)
MR       .....                  (no boots)
Stlth    ++........             (no amulet)
HPRegen  0.07/turn              (no ring)
MPRegen  0.10/turn              (no ring)

@: appendage (expiring)
A: distributed training, fangs 1, horns 2, strong nose
a: End Transformation


You were on level 1 of the Dungeon.
You were not hungry.
You had grown temporary horns.
You visited 1 branch of the dungeon, and saw 1 of its levels.

You collected 15 gold pieces.

Inventory:

Missiles
 a - 12 arrows
Armour
 b - a +0 robe (worn)
Scrolls
 e - a scroll of identify {unknown}
 g - a scroll of random uselessness {unknown}
Books
 c - a book of Changes
Comestibles
 d - 2 rations
 f - a chunk of flesh {@w0}


   Skills:
 + Level 2.4 Fighting
 + Level 0.3 Short Blades
 + Level 0.3 Long Blades
 + Level 0.3 Axes
 + Level 0.3 Maces & Flails
 + Level 0.3 Polearms
 + Level 0.3 Staves
 + Level 0.3 Slings
 + Level 0.3 Bows
 + Level 0.3 Crossbows
 + Level 0.3 Throwing
 + Level 0.3 Armour
 + Level 4.4 Dodging
 + Level 0.3 Stealth
 + Level 0.3 Shields
 + Level 6.4 Unarmed Combat
 + Level 4.9 Spellcasting
 + Level 0.2 Conjurations
 + Level 0.2 Hexes
 + Level 0.2 Charms
 + Level 0.2 Summonings
 + Level 0.2 Necromancy
 + Level 0.2 Translocations
 + Level 3.7 Transmutations
 + Level 0.2 Fire Magic
 + Level 0.2 Ice Magic
 + Level 0.2 Air Magic
 + Level 0.2 Earth Magic
 + Level 0.2 Poison Magic
 + Level 0.4 Invocations
 + Level 0.3 Evocations


You had 9 spell levels left.
You knew the following spells:

 Your Spells              Type           Power        Failure   Level  Hunger
a - Beastly Appendage     Tmut           ##....       3%          1    None


Dungeon Overview and Level Annotations

Branches:
Dungeon (1/15)

Altars:


Innate Abilities, Weirdness & Mutations

Your experience applies equally to all skills.
You have very sharp teeth.
Your uncanny sense of smell can sniff out nearby items.
You have a pair of horns on your head.


Message History

You kill the jackal!
No target in view!
No target in view!
A jackal comes into view.
You see here a jackal corpse.
A jackal is nearby! 2 jackals and a kobold come into view.
The kobold shouts!
The jackal barks!
You hear a bark!
The jackal moves out of view.
The jackal barks! x2; You hear a bark!
You closely miss the jackal.
You headbutt the jackal, but do no damage.
Your bite misses the jackal. The jackal bites you.
A jackal and a kobold come into view.
You completely miss the jackal.
The jackal barks!
The jackal misses you.
A bat and a jackal come into view.
The jackal bites you. The bat misses you.
The jackal bites you but does no damage.
The bat hits you. The bat closely misses you.
You hit the jackal but do no damage. Your bite misses the jackal.
Your transformation is almost over.
The jackal bites you but does no damage.
You hit the jackal but do no damage. The jackal misses you.
You miss the jackal. The jackal barely misses you.
You hit the jackal.
You headbutt the jackal, but do no damage.
The jackal is moderately wounded.
The jackal barely misses you.
You miss the jackal.
The jackal is moderately wounded.
The jackal misses you. x2
You miss the jackal.
The jackal is moderately wounded.
The jackal closely misses you.
You hit the jackal.
The jackal is severely wounded.
The jackal completely misses you.
You hit the jackal.
You kill the jackal!
The bat barely misses you. The bat completely misses you.
You punch the bat!
You kill the bat!
The jackal bites you.
You punch the jackal!
You kill the jackal!
You have reached level 2!
The jackal bites you but does no damage.
Casting: Beastly Appendage
Confirm with . or Enter, or press ? or * to list all spells.
You extend your transformation's duration.
The jackal bites you but does no damage.
A jackal comes into view.
The jackal barks!
You hit the jackal but do no damage.
The jackal moves out of view.
The jackal bites you.
You hit the jackal but do no damage. Your headbutt misses the jackal.
The jackal bites you but does no damage.
The jackal misses you.
A jackal comes into view.
The jackal barks!
You hit the jackal but do no damage.
You headbutt the jackal, but do no damage.
The jackal bites you.
The jackal moves out of view.
You hit the jackal.
The jackal is severely wounded.
The jackal barely misses you.
You completely miss the jackal.
The jackal is severely wounded.
The jackal barely misses you.
You completely miss the jackal. Your bite misses the jackal.
The jackal is severely wounded.
The jackal misses you. The jackal bites you.
You hit the jackal.
You kill the jackal!
The jackal completely misses you.
You closely miss the jackal. The jackal bites you.
You punch the jackal!
You kill the jackal!
The kobold throws a stone.
The stone misses you.
The jackal barks!
You hit the kobold.
The kobold is moderately wounded.
The kobold hits you with a short sword.
* * * LOW HITPOINT WARNING * * *
A rat comes into view.
A hobgoblin comes into view. It is wielding a club.
Your transformation is almost over.
A leopard gecko comes into view.
Found an escape hatch in the floor.
The leopard gecko bites you.
* * * LOW HITPOINT WARNING * * *
The leopard gecko misses you. The hobgoblin closely misses you.
The leopard gecko misses you.
There is an escape hatch in the floor here.
The leopard gecko bites you.
You die...

........# #....# #.
........# ##..## ##
.......h#########.## #.
............##..#..# ##.
.....?..h...##....## #..
......Kh....###....###..
......Kg....# #....##...
#######lr...# ##....#.).
.......@....# ##...#..#
.############ #...(.##
#######


You could see a leopard gecko, 3 jackals, a hobgoblin, 2 kobolds and a rat.

Vanquished Creatures
  A bat (D:1)
  5 jackals (D:1)
  A frilled lizard (D:1)
  A kobold (D:1)
  A rat (D:1)
9 creatures vanquished.

Notes
Turn   | Place    | Note
-------+----------+-------------------------------------------
     0 | D:1      | Mgcat the Gnoll Transmuter began the quest for the Orb.
     0 | D:1      | Reached XP level 1. HP: 17/17 MP: 6/6
    89 | D:1      | Reached XP level 2. HP: 13/23 MP: 7/7
   100 | D:1      | HP: 2/23 [kobold/short sword (6)]
   109 | D:1      | HP: 1/23 [leopard gecko (2)]
   115 | D:1      | Slain by a leopard gecko

Action                   || total
-------------------------++-------
Melee: Unarmed           ||    35
       Headbutt          ||     3
       Bite              ||     2
 Cast: Beastly Appendage ||     2
Armor: Robe              ||     8
Dodge: Dodged            ||    27

Vault maps used:
D:1:      dpeg_arrival_arbitrary_a

Table legend:
 A = Turns spent in this place as a percentage of turns spent in the entire game.
 B = Non-inter-level travel turns spent in this place as a percentage of non-inter-level travel turns spent in the entire game.
 C = Inter-level travel turns spent in this place as a percentage of turns spent in this place.
 D = Turns resting spent in this place as a percentage of non-inter-level travel turns spent in this place.
 E = Turns spent auto-exploring this place as a percentage of non-inter-level travel turns spent in this place.
 F = Non-inter-level travel turns spent in this place divided by the number of levels of this place that you've seen.
                   A       B       C       D       E      F
               +-------+-------+-------+-------+-------+----------------------
         Total | 100.0 | 100.0 |   0.0 |   0.0 |  33.9 | 115.0
       Dungeon | 100.0 | 100.0 |   0.0 |   0.0 |  33.9 | 115.0
               +-------+-------+-------+-------+-------+----------------------

Table legend:
 A = Kills in this place as a percentage of kills in entire the game.
 B = Kills by you in this place as a percentage of kills by you in the entire game.
 C = Kills by friends in this place as a percentage of kills by friends in the entire game.
 D = Other kills in this place as a percentage of other kills in the entire game.
 E = Experience gained in this place as a percentage of experience gained in the entire game.
 F = Experience gained in this place divided by the number of levels of this place that you have seen.
                   A       B       C       D       E      F
               +-------+-------+-------+-------+-------+----------------------
         Total | 100.0 | 100.0 |   N/A |   N/A | 100.0 |  15.0
       Dungeon | 100.0 | 100.0 |   N/A |   N/A | 100.0 |  15.0
               +-------+-------+-------+-------+-------+----------------------
